cohdb
Replays
Latest Replays
All Replays
Popular Replays
Top Player Replays
Match Explorer
How It Works
Community
CoH3 Stats
Reddit
Sign in to upload your games and track your stats! →
Sign in with Steam
Match 38713133
Unlisted
Match 38713133
Overview
Messages
Build Orders
End
Construct Section Command Post
Infantry Section
Infantry Section
Infantry Section
Construct Platoon Command Post
Humber Armored Car
Construct Company Command Post
Foot Guards Section
Selects Heavy Armor Battlegroup
Selects Rigorous Vehicle Training
Selects Crusader AA Medium Tank
Selects UNKNOWN (2162094)
Churchill IV Heavy Tank
Infantry Training
Royal Engineer Section
Selects Light Vehicle Withdraw and Refit
Selects Forward Repair Assembly
Armored Vehicle Training
Vickers Machine Gun Team
Churchill IV Heavy Tank
pchealey
oldeenglishdry
sharpshooter
Back to the ogre magi
0
0
Comments
sign in to comment!
No comments posted yet!